 Dungeon Crawl Stone Soup version 0.31-a0-233-g139696dc86 (webtiles) character file.

Game seed: 12613795199746626632

73 qw the Shooter (level 4, -12/26 HPs)
             Began as a Gargoyle Hexslinger on July 8, 2023.
             Mangled by a gnoll
             ... wielding a +0 halberd
              (13 damage)
             ... on level 3 of the Dungeon.
             The game lasted 00:00:38 (1618 turns).

qw the Shooter (Gargoyle Hexslinger)                Turns: 1618, Time: 00:00:39

Health: -12/26     AC:  6    Str: 11    XL:     4   Next: 27%
Magic:  5/5        EV: 11    Int: 14    God:
Gold:   124        SH:  0    Dex: 14    Spells: 4/5 levels left

rFire   . . .        Y - +1 sling
rCold   . . .        (no shield)
rNeg    + . .        f - +0 leather armour
rPois   inf          (no helmet)
rElec   +            (no cloak)
rCorr   .            (no gloves)
SInv    .            (no boots)
Will    .....        (no amulet)
Stlth   +            (no ring)
HPRegen 0.24/turn    (no ring)
MPRegen 0.09/turn

%: no passive effects
@: no status effects
A: sickness immunity, AC +3, negative energy resistance 1, electricity
resistance, torment resistance 1, petrification resistance
a: no special abilities


You were on level 3 of the Dungeon.
You visited 1 branch of the dungeon, and saw 3 of its levels.

You collected 124 gold pieces.


Innate Abilities, Weirdness & Mutations

You are immune to sickness and miasma.
Your stone body is resilient. (AC +3)
You are immune to poison.
You resist negative energy. (rN+)
You are resistant to electric shocks. (rElec)
You are resistant to unholy torment.
You are immune to petrification.


   Skills:
 - Level 2.0 Fighting
 + Level 4.1 Ranged Weapons
 - Level 1.5 Dodging
 - Level 1.0 Spellcasting
 - Level 2.6 Hexes


You had 4 spell levels left.
You knew the following spells:

 Your Spells              Type           Power      Damage    Failure   Level
a - Slow                  Hex            32%        N/A       12%         1

Your spell library contained the following spells:

 Spells                   Type           Power      Damage    Failure   Level
 Inner Flame              Hex/Fire       4%         N/A       52%         3
 Portal Projectile        Hex/Tloc       8%         N/A       52%         3
 Cause Fear               Hex            4%         N/A       75%         4

Inventory:

Hand Weapons
 Y - a +1 sling (weapon)
Armour
 f - a +0 leather armour (worn)
Scrolls
 h - 2 scrolls of identify
Potions
 a - a potion of enlightenment {unknown}
 b - a potion of brilliance {unknown}
 c - 3 potions of curing
 d - a potion of ambrosia {unknown}
 g - a potion of might {unknown}

Dungeon Overview and Level Annotations

Branches:
Dungeon (3/15)

Altars:
Gozag
Yredelemnul


Message History

Enter note:
Enter note:
Enter note:
Enter note:
Enter note: You shoot a sling bullet.
The sling bullet hits the gnoll.
The gnoll shouts!
The gnoll is lightly wounded.
You hear a shout! x2
A gnoll comes into view. It is wielding a +0 halberd.
A gnoll comes into view. It is wielding a +0 spear.
The gnoll throws a throwing net.
The throwing net hits you.
You become entangled in the net!
You struggle against the net.
You struggle against the net.
You struggle against the net.
You struggle against the net.
You rip the net and break free!
The gnoll hits you from afar with a +0 halberd!
You shoot a sling bullet.
The sling bullet closely misses the gnoll.
The gnoll hits you with a +0 whip.
The gnoll hits you from afar with a +0 halberd.
The gnoll barely misses you.
You shoot a sling bullet. The sling bullet hits the gnoll.
The gnoll is moderately wounded.
The gnoll hits you but does no damage. x2; The gnoll closely misses you.
You shoot a sling bullet.
The sling bullet barely misses the gnoll.
The gnoll barely misses you. The gnoll misses you.
The gnoll hits you but does no damage.
You shoot a sling bullet. The sling bullet hits the gnoll.
The gnoll is heavily wounded.
The gnoll misses you.
The gnoll hits you from afar with a +0 spear.
The gnoll hits you with a +0 whip!
The gnoll hits you from afar with a +0 spear.
The gnoll hits you from afar with a +0 halberd!
Ouch! That really hurt!
You die...

......# ).....#
#?.........
<.############..........
..###.................$.
..'.'...................
..###.................).
................g.......
.......###+###...gg.....
.......###.##...@...$...
...%...'.#.##...........
#......#.#.##...########
.#.......#.##...########
.#.##.####.##..........#
#.##.#................#
#.##.#.##.###.........#
##....#.#....+.........#
....<##.#..#+#.........#


You could see 3 gnolls.

Vanquished Creatures
  3 adders (D:2)
  An orc (D:3)
  2 ball pythons
  6 bats
  4 endoplasms
  4 giant cockroaches
  5 goblins
  4 hobgoblins
  5 kobolds
  A quokka (D:2)
  A frilled lizard (D:2)
  6 rats
42 creatures vanquished.

Notes
Turn   | Place    | Note
-------+----------+-------------------------------------------
     0 | D:1      | qw the Gargoyle Hexslinger began the quest for the Orb.
     0 | D:1      | Reached XP level 1. HP: 12/12 MP: 2/2
     0 | D:1      | 0 ||| qw: Version: 0.3-a-46-gb1f654a
     0 | D:1      | 0 ||| qw: Game counter: 3466
     0 | D:1      | 0 ||| qw: Melee chars always use a shield: true
     0 | D:1      | 0 ||| qw: God list: Okawaru
     0 | D:1      | 0 ||| qw: Allow faded altars: false
     0 | D:1      | 0 ||| qw: Do Orc after clearing Dungeon:15 true
     0 | D:1      | 0 ||| qw: Do second Lair branch before Depths: true
     0 | D:1      | 0 ||| qw: Lair rune preference: random
     0 | D:1      | 0 ||| qw: Goals: Normal
     0 | D:1      | 0 ||| PLANNING D:1-11
   252 | D:1      | Reached XP level 2. HP: 16/16 MP: 3/3
   260 | D:1      | Found a faded altar of an unknown god.
   489 | D:1      | Reached skill level 3 in Ranged Weapons
   728 | D:1      | 728 ||| UPGRADING to +0 leather armour.
   738 | D:1      | 738 ||| DROPPING +0 robe.
   739 | D:1      | 739 ||| READING scroll labelled YXOTRIRAODD.
   740 | D:1      | 740 ||| READING scroll labelled MEPHUA WIEWKUN.
   741 | D:1      | 741 ||| DROPPING scroll of poison.
   879 | D:2      | Reached XP level 3. HP: 20/21 MP: 4/4
   964 | D:2      | Found a basalt altar of Yredelemnul.
  1357 | D:2      | 1357 ||| READING scroll labelled CECUEM FAMOSET.
  1362 | D:2      | 1362 ||| READING scroll labelled LICRUF LINU.
  1363 | D:2      | 1363 ||| READING scroll labelled FOAHU REXZAIJ.
  1378 | D:2      | 1378 ||| DRINKING 4 sapphire potions.
  1399 | D:3      | Reached XP level 4. HP: 26/26 MP: 5/5
  1405 | D:3      | 1405 ||| STAIRDANCE
  1412 | D:2      | Reached skill level 4 in Ranged Weapons
  1489 | D:3      | Found an opulent altar of Gozag.
  1618 | D:3      | HP: 2/26 [gnoll/+0 whip (8)]
  1618 | D:3      | Mangled by a gnoll

Levels and vault maps discovered:
D:1:      scummos_arrival_simple_crosswalls, layout_basic,
          ebering_ecumenical_altar_box, serial_corexii_hall,
          corexii_hall_statues_i, corexii_hall_statues_u,
          corexii_hall_statues_i, chequers_hall_statues_corner_a
D:2:      layout_basic, basic_altar, chequers_decorated_corner
D:3:      layout_basic, mainiacjoe_overflow_catwalk,
          nicolae_ru_the_path_less_chosen

Skill      XL: |  1  2  3  4 |
---------------+-------------+-----
Ranged Weapons | 3 4 |  4.1
Fighting       | 2 |  2.0
Dodging        | |  1.5
Spellcasting   | |  1.0
Hexes          | |  2.6

Action                     |  1- 3 |  4- 6 || total
---------------------------+-------+-------++-------
   Fire: Sling             |    93 |    39 ||   132
    Use: Scroll            |     5 |       ||     5
         Potion            |     1 |       ||     1
 Armour: Robe              |     9 |       ||     9
         Leather armour    |     7 |    17 ||    24
  Dodge: Dodged            |    24 |    22 ||    46

Table legend:
 A = Non-vault XP
 B = Vault XP
 C = Vault XP percentage of total XP
 D = Non-vault monster count
 E = Vault monster count
 F = Vault count percentage of total count
                 A         B        C        D         E       F
            +---------+---------+-------+---------+---------+-------
      Total |     105 |       0 |   0.0 |      42 |       0 |   0.0
            +---------+---------+-------+---------+---------+-------
        D:1 |      24 |       0 |   0.0 |      15 |       0 |   0.0
        D:2 |      68 |       0 |   0.0 |      20 |       0 |   0.0
        D:3 |      13 |       0 |   0.0 |       7 |       0 |   0.0
            +---------+---------+-------+---------+---------+-------
